 Dungeon Crawl Stone Soup version 0.20.1-1-g8b1a95d (webtiles) character file.

1651 Giltor the Covert (level 8, -1/39 HPs)
             Began as a Spriggan Assassin on July 18, 2017.
             Was a Follower of Dithmenos.
             Killed from afar by a hell hound (8 damage)
             ... with a blast of flame
             ... on level 8 of the Dungeon.
             The game lasted 01:45:52 (10038 turns).

Giltor the Covert (Spriggan Assassin)              Turns: 10038, Time: 01:45:52

Health: -1/39      AC:  3    Str:  9    XL:     8   Next: 68%
Magic:  12/12      EV: 23    Int: 12    God:    Dithmenos [*.....]
Gold:   577        SH:  0    Dex: 18    Spells: 11/11 levels left

rFire    + . .     SeeInvis +   b - +0 blowgun
rCold    . . .     Gourm    .   (shield restricted)
rNeg     . . .     Faith    .   c - +0 robe
rPois    .         Spirit   .   (helmet restricted)
rElec    .         Reflect  .   d - +0 cloak
rCorr    .         Harm     .   (gloves unavailable)
MR       ++...                  (boots unavailable)
Stlth    +++++++...             (no amulet)
Regen    0.2/turn               q - ring of protection from magic
MPRegen  0.2/turn               h - ring of protection from fire

@: wreathed by umbra, very quick
A: unfitting armour, see invisible, herbivore 3, speed 3, slow metabolism 2
a: Renounce Religion


You were on level 8 of the Dungeon.
You worshipped Dithmenos.
Dithmenos was aware of your devotion.
You were full.

You visited 1 branch of the dungeon, and saw 8 of its levels.

You collected 577 gold pieces.

Inventory:

Hand Weapons
 a - a +2 dagger
 b - a +0 blowgun (weapon)
 t - a +0 spear of venom
 A - a +1 long sword of holy wrath
Missiles
 e - 43 poisoned needles (quivered)
 f - 2 curare-tipped needles
Armour
 c - a +0 robe (worn)
 d - a +0 cloak (worn)
Jewellery
 h - a ring of protection from fire (right hand)
 o - an uncursed ring of protection from fire
 p - an uncursed ring of ice
 q - a ring of protection from magic (left hand)
 x - an uncursed ring of poison resistance
Wands
 E - a wand of polymorph (17/24)
 G - a wand of iceblast (0/15)
 H - a wand of digging (11/24)
Scrolls
 l - 3 scrolls of immolation
 w - a scroll of remove curse
 C - 2 scrolls of magic mapping
 F - a scroll of noise
Potions
 i - 3 potions of might
 j - a potion of lignification
 k - 6 potions of haste
 n - 4 potions of curing
 r - a potion of heal wounds
 u - 2 potions of degeneration
 v - 2 potions of brilliance
 z - 2 potions of agility
 B - a potion of flight {unknown}
Comestibles
 g - 5 bread rations
 D - 3 royal jellies


   Skills:
 - Level 2.0 Fighting
 - Level 4.0 Short Blades
 - Level 0.2(1.8) Long Blades
 - Level 4.1 Throwing
 - Level 7.1 Dodging
 * Level 12.6 Stealth
 - Level 2.0 Spellcasting
 - Level 2.2 Invocations
 - Level 2.0 Evocations


You had 11 spell levels left.
You didn't know any spells.

Dungeon Overview and Level Annotations

Branches:
Dungeon (8/15)             Temple (0/1) D:7            Lair (0/6) D:8

Altars:
Ashenzari
Dithmenos
Elyvilon
Gozag
Okawaru
Qazlal
Ru
Trog
Uskayaw
Vehumet

Annotations:
D:7 exclusion: oklob sapling


Innate Abilities, Weirdness & Mutations

You are very small and have problems with some larger weapons.
You are too small for most types of armour.
You have supernaturally acute eyesight. (SInv)
You are a herbivore.
You cover ground extremely quickly.
You need consume almost no food.


Message History

The hell hound bites you. The hell hound breathes flames at you.
The blast of flame hits you! You resist.
There is a fountain of sparkling water here.
Firing (i - inventory. (,) - cycle):
e - 44 poisoned needles (quivered)
Press: ? - help, Shift-Dir - straight line, f/p - hell hound
Aim: a hell hound (severely wounded, catching its breath)
You shoot a poisoned needle.
The poisoned needle hits the hell hound!
The hell hound is poisoned.
The hell hound is severely wounded.
The hell hound barks!
The hell hound breathes flames at you. The blast of flame hits you! You resist.
The blast of flame hits you! You resist.
* * * LOW HITPOINT WARNING * * *
The hell hound breathes flames at you.
The blast of flame hits the hell hound.
The hell hound completely resists.
The blast of flame hits you! You resist.
You die...

..........#
#......§..[.
.......(..#
#...S.######
..........# ##.......#
..........## #...h...#
###...≈....##
######....#
#...≈.....###...##h...#
#.......#.....#h.#....#
#.....##.###.#h##.....#
#....##.@.###.§.##....#
##..####.#h###(####.###
#..#.###.#.#.## #...
##.#.⌠.###.⌠h## .#.##
#...#.#.###.## .# ..
#####...####.###.# ##
..# .....#..##.8.###.⌠
#.. #.......##.#.###.#
##. #.........#.....#..


You could see 2 hell hounds.

Vanquished Creatures
  A water moccasin (D:7)
  A phantom (D:4)
  3 ogres
  A big kobold (D:7)
  6 killer bees (D:7)
  A scorpion (D:5)
  A howler monkey (D:4)
  2 crimson imps
  A centaur zombie (D:5)
  2 quasits
  A bullfrog skeleton (D:7)
  2 orc wizards
  An orc priest (D:7)
  2 jellies
  4 iguanas
  3 worker ants
  A hound zombie (D:5)
  A hound skeleton (D:7)
  7 adders
  3 gnolls
  2 shadow imps
  2 adder zombies (D:5)
  4 worms
  3 dart slugs
  11 leopard geckos
  13 orcs
  2 ball pythons
  5 giant cockroaches
  4 goblins
  8 hobgoblins
  7 jackals
  3 quokkas
  3 bats
  6 frilled lizards
  13 kobolds
  2 quokka zombies
  6 rats
138 creatures vanquished.

Vanquished Creatures (others)
  A kobold (D:1)
1 creature vanquished.

Grand Total: 139 creatures vanquished

Notes
Turn   | Place    | Note
-------+----------+-------------------------------------------
     0 | D:1      | Giltor the Spriggan Assassin began the quest for the Orb.
     0 | D:1      | Reached XP level 1. HP: 10/10 MP: 2/2
     7 | D:1      | Found an iron altar of Okawaru.
    85 | D:1      | Reached skill level 6 in Stealth
   301 | D:1      | Reached XP level 2. HP: 14/14 MP: 3/3
   334 | D:1      | Reached skill level 7 in Stealth
   811 | D:2      | Reached skill level 1 in Spellcasting
   811 | D:2      | Reached XP level 3. HP: 18/18 MP: 3/6
  1799 | D:2      | Found a radiant altar of Vehumet.
  2136 | D:2      | Reached XP level 4. HP: 22/22 MP: 8/8
  2214 | D:2      | Found an opulent altar of Gozag.
  2716 | D:3      | Found a faded altar of an unknown god.
  3661 | D:4      | Found a white marble altar of Elyvilon.
  3690 | D:4      | Reached skill level 8 in Stealth
  3690 | D:4      | Reached XP level 5. HP: 10/25 MP: 9/9
  3841 | D:4      | Noticed a phantom
  4139 | D:4      | Found a shattered altar of Ashenzari.
  4299 | D:4      | Found a bloodstained altar of Trog.
  4300 | D:4      | Found a hide-covered altar of Uskayaw.
  4308 | D:4      | Found a sacrificial altar of Ru.
  4589 | D:5      | Entered Level 5 of the Dungeon
  4598 | D:5      | Reached skill level 9 in Stealth
  4908 | D:5      | Reached skill level 1 in Evocations
  4908 | D:5      | Reached XP level 6. HP: 30/30 MP: 10/10
  5826 | D:4      | Reached skill level 10 in Stealth
  6144 | D:5      | Found a shadowy altar of Dithmenos.
  6147 | D:5      | Became a worshipper of Dithmenos the Shadowed
  6440 | D:5      | Reached XP level 7. HP: 17/33 MP: 11/11
  6745 | D:5      | Found a stormy altar of Qazlal.
  7161 | D:5      | Reached skill level 1 in Invocations
  7635 | D:6      | Reached * piety under Dithmenos
  8059 | D:7      | Reached skill level 11 in Stealth
  8224 | D:7      | Found a staircase to the Ecumenical Temple.
  8352 | D:7      | Reached XP level 8. HP: 13/37 MP: 12/12
  8649 | D:7      | Reached skill level 12 in Stealth
  8670 | D:7      | HP: 1/37 [kobold/trident (6)]
  8908 | D:7      | Reached skill level 5 in Dodging
 10002 | D:8      | Found a staircase to the Lair.
 10038 | D:8      | Killed from afar by a hell hound

Skill      XL: |  1  2  3  4  5  6  7  8 |
---------------+-------------------------+-----
Stealth        | 6 7 8 9 10 11 12 | 12.6
Spellcasting   | 1 2 |  2.0
Short Blades   | 3 4 |  4.0
Dodging        | 2 3 7 |  7.1
Evocations     | 1 2 |  2.0
Throwing       | 4 |  4.1
Invocations    | 2 |  2.2
Fighting       | 2 |  2.0
Long Blades    | |  0.2

Action                   |  1- 3 |  4- 6 |  7- 9 || total
-------------------------+-------+-------+-------++-------
Melee: Dagger            |   169 |   193 |   260 ||   622
       Long sword        |       |    20 |       ||    20
 Fire: Blowgun           |       |    19 |    68 ||    87
Evoke: Wand              |       |       |     3 ||     3
  Use: Scroll            |     9 |     7 |     7 ||    23
       Potion            |       |     1 |     2 ||     3
 Stab: Sleeping          |     5 |    17 |    19 ||    41
       Distracted        |     2 |       |       ||     2
  Eat: Royal jelly       |     1 |     1 |       ||     2
       Fruit             |       |     4 |     3 ||     7
Armor: Robe              |     7 |    13 |    12 ||    32
Dodge: Dodged            |    90 |   136 |   218 ||   444
       Rpst.: Long sword |       |     3 |       ||     3
